 Dungeon Crawl Stone Soup version 0.28.0-1-gb440e238dd (console) character file.

Game seed: 12587345276472931772

2490 Kloppie the Cleaver (level 9, -2/89 HPs)
             Began as a Minotaur Berserker on Feb 23, 2022.
             Was a Priest of Trog.
             Slain by Eitelfritz's ghost (16 damage)
             ... on level 6 of the Dungeon.
             The game lasted 00:11:56 (6804 turns).

Kloppie the Cleaver (Minotaur Berserker)            Turns: 6804, Time: 00:11:57

Health: -2/89      AC:  7    Str: 20    XL:     9   Next: 27%
Magic:  8/8        EV: 11    Int:  4    God:    Trog [***...]
Gold:   274        SH:  4    Dex: 13    Spells: 8/8 levels left

rFire   . . .      SeeInvis .   a - +3 hand axe
rCold   . . .      Faith    .   p - +1 buckler of Gihoz {rN+++ Str-3 Slay+3}
rNeg    + + +      Spirit   .   e - +0 swamp dragon scales
rPois   +          Reflect  .   (helmet restricted)
rElec   .          Harm     .   (no cloak)
rCorr   .          Rampage  .   (no gloves)
Will    .....                   (no boots)
Stlth   +.........              b - amulet of regeneration
HPRegen 1.04/turn               (no ring)
MPRegen 0.11/turn               (no ring)

@: on berserk cooldown, slowed, very slow
A: horns 2, retaliatory headbutt
a: Renounce Religion, Berserk, Trog's Hand


You were on level 6 of the Dungeon.
You worshipped Trog.
Trog was most pleased with you.
You visited 1 branch of the dungeon, and saw 6 of its levels.

You collected 274 gold pieces.

Inventory:

Hand Weapons
 a - a +3 hand axe (weapon)
 n - a +0 flail
Missiles
 k - 14 poisoned darts (quivered)
 r - a throwing net
Armour
 e - +0 swamp dragon scales (worn)
 p - the +1 buckler of Gihoz (worn) {rN+++ Str-3 Slay+3}
   (You found it on level 4 of the Dungeon)

   Str:       It affects your strength (-3).
   Slay:      It affects your accuracy & damage with ranged weapons and melee
   (+3).
   rN:        It renders you almost immune to negative energy.
 y - a +0 plate armour
Jewellery
 b - an amulet of regeneration (around neck)
 h - an amulet of magic regeneration
Wands
 s - a wand of iceblast (5)
Scrolls
 j - a scroll of teleportation
Potions
 f - 2 potions of haste {unknown}
 g - a potion of curing
 q - a potion of magic
 v - a potion of berserk rage
 w - a potion of resistance {unknown}
 z - a potion of mutation {unknown}


   Skills:
 + Level 11.2 Fighting
 + Level 11.2 Axes
 - Level 2.4 Armour
 - Level 2.1 Dodging


You had 8 spell levels left.
You didn't know any spells.
Your spell library was empty.

Dungeon Overview and Level Annotations

Branches:
Dungeon (6/15)
 Temple: D:4-7

Altars:
Elyvilon
Fedhas
Xom
Yredelemnul
The Shining One

Shops:
D:4 (

Annotations:
D:6 1 transporter, Eitelfritz's ghost, novice HOFi


Innate Abilities, Weirdness & Mutations

You have a pair of horns on your head.
You reflexively headbutt those who attack you in melee.


Message History

You hit the ice beast but do no damage. You hit Eitelfritz's ghost.
Eitelfritz's ghost hits you!
* * * LOW HITPOINT WARNING * * *
The ice beast closely misses you.
You are too injured to fight recklessly!
You are too injured to fight recklessly!
You feel better. The adder misses you. You block Eitelfritz's ghost's attack.
The ice beast hits you but does no damage.
The adder closely misses you. Eitelfritz's ghost hits you!
* * * LOW HITPOINT WARNING * * *
The ice beast hits you but does no damage.
The adder bites you but does no damage. You block the ice beast's attack.
The ice beast hits you but does no damage.
You hit the ice beast. You headbutt the ice beast.
The ice beast is moderately wounded.
The ice beast hits you.
* * * LOW HITPOINT WARNING * * *
The ice beast freezes you!
* * * LOW HITPOINT WARNING * * *
The ice beast hits you but does no damage.
You block the ice beast's attack. The ice beast barely misses you.
You block the ice beast's attack.
Eitelfritz's ghost screams, "I'll kill anyone who wants the ORB!"
The ice beast hits you.
* * * LOW HITPOINT WARNING * * *
The ice beast freezes you.
* * * LOW HITPOINT WARNING * * *
The ice beast barely misses you. You furiously retaliate!
You headbutt the ice beast, but do no damage.
Eitelfritz's ghost hits you.
* * * LOW HITPOINT WARNING * * *
The ice beast hits you.
* * * LOW HITPOINT WARNING * * *
The ice beast freezes you!
* * * LOW HITPOINT WARNING * * *
You feel better. Eitelfritz's ghost hits you!
* * * LOW HITPOINT WARNING * * *
You block the ice beast's attack. Eitelfritz's ghost hits you!
You die...

############.## #
#############..:..........## #
...........................# #
############...#########...## #
#..##...S...##...# #
#..#8.##.##.8#...## #
#..#..##.##..#...[# #
##########..#..).....:#....## #
#..........©#....©...$#©....# #
#.########..#WYS.....)#..##.###
#.# #..#.@##.##..#..##..##
#.########..#8.##.##.8#..###.##
#...........##©......##..# #.##
#########....#########...###.##
#......................
###########.#.............[####.#
............#.#####.#.##.#.# #..
#############.#.....#....#.# ##.
..............#)##..######.# #.
###############.##..#......# #.
..##....#.......##..#.###### #.


You could see an ice beast, Eitelfritz's ghost and an adder.

Vanquished Creatures
  Maggie (D:6)
  A vampire (D:6)
  A water moccasin (D:6)
  A black bear (D:4)
  A necrophage (D:5)
  4 ogres
  A centaur (D:6)
  A phantom (D:5)
  A bullfrog (D:4)
  4 scorpions
  A wyvern skeleton (D:5)
  A water moccasin skeleton (D:4)
  6 wights (D:6)
  A howler monkey (D:6)
  2 bullfrog zombies (D:5)
  3 jellies
  2 gnoll shamans (D:4)
  2 hounds
  A bullfrog skeleton (D:6)
  Natasha (D:3)
  An iguana (D:6)
  13 gnolls
  5 adders
  A shadow imp (D:6)
  An ufetubus (D:4)
  4 worms
  4 dart slugs
  4 orcs (D:3)
  4 bats
  8 endoplasms
  A giant cockroach (D:4)
  16 goblins
  6 hobgoblins
  4 jackals (D:2)
  5 kobolds
  5 quokkas
  5 ball pythons
  3 frilled lizards
  A rat (D:1)
127 creatures vanquished.

Notes
Turn   | Place    | Note
-------+----------+-------------------------------------------
     0 | D:1      | Kloppie the Minotaur Berserker began the quest for the Orb.
     0 | D:1      | Reached XP level 1. HP: 19/19 MP: 0/0
    66 | D:1      | Reached XP level 2. HP: 17/27 MP: 1/1
   384 | D:1      | Found a faded altar of an unknown god.
  1250 | D:2      | Reached XP level 3. HP: 33/34 MP: 2/2
  1673 | D:2      | Reached XP level 4. HP: 35/41 MP: 3/3
  1793 | D:2      | Reached ** piety under Trog
  1964 | D:2      | Reached skill level 5 in Axes
  1969 | D:2      | Reached skill level 5 in Fighting
  2482 | D:3      | Noticed an ogre
  2495 | D:3      | Killed an ogre
  2496 | D:3      | Reached XP level 5. HP: 12/50 MP: 4/4
  2729 | D:3      | Noticed Natasha
  2738 | D:3      | Killed Natasha
  3311 | D:3      | Noticed an ogre
  3324 | D:3      | Killed an ogre
  3325 | D:3      | Reached XP level 6. HP: 58/58 MP: 5/5
  3885 | D:4      | Found Xetwonoe's Weapon Shoppe.
  3975 | D:4      | Found a glowing golden altar of the Shining One.
  3975 | D:4      | Found a blossoming altar of Fedhas.
  4017 | D:4      | Identified the +1 buckler of Gihoz {rN+++ Str-3 Slay+3}
  4159 | D:4      | Reached *** piety under Trog
  4160 | D:4      | Reached XP level 7. HP: 40/66 MP: 6/6
  4445 | D:4      | Found a shimmering altar of Xom.
  4976 | D:5      | Entered Level 5 of the Dungeon
  4989 | D:5      | Reached XP level 8. HP: 74/75 MP: 7/7
  5160 | D:5      | Found a white marble altar of Elyvilon.
  5254 | D:5      | Found a basalt altar of Yredelemnul.
  5673 | D:6      | Noticed Eitelfritz's ghost (novice HOFi)
  5731 | D:6      | Noticed Maggie
  5750 | D:6      | Killed Maggie
  5751 | D:6      | Reached skill level 10 in Fighting
  5751 | D:6      | Reached skill level 10 in Axes
  5964 | D:6      | Found a transporter.
  5965 | D:6      | Found a transporter.
  6041 | D:6      | Reached XP level 9. HP: 74/86 MP: 8/8
  6804 | D:6      | Slain by Eitelfritz's ghost

Illustrated notes

Levels and vault maps discovered:
D:1:      psy_arrival_radial02, layout_basic, basic_ecumenical_altar,
          chequers_serial_rivers_micro_d, minivault_19,
          minmay_stone_trees_medium
D:2:      layout_basic
D:3:      layout_loops_corners, st_stairs_11, minmay_ogre_servants, uniq_natasha
D:4:      layout_basic, tgw_xom, gammafunk_temple_overflow_statue, serial_shops,
          shop
D:5:      layout_cave_pools, kennysheep_ying_yang, serial_glass,
          glass_columns_c, glass_columns_c, due_unseen_surprise,
          item_on_display_a, minmay_strange_pillars, minmay_strange_pillars
D:6:      layout_basic, gammafunk_ghost_arena, interstate_on_off, uniq_maggie

Skill      XL: |  1  2  3  4  5  6  7  8  9 |
---------------+----------------------------+-----
Fighting       | 4 5 6 7 8 10 11 | 11.2
Axes           | 4 5 6 7 8 10 11 | 11.2
Armour         | |  2.4
Dodging        | |  2.1

Action                   |  1- 3 |  4- 6 |  7- 9 || total
-------------------------+-------+-------+-------++-------
Melee: Hand axe          |    61 |   131 |   170 ||   362
       Headbutt          |     4 |    21 |    47 ||    72
       Punch             |     1 |     1 |       ||     2
Throw: Dart              |       |     1 |     2 ||     3
       Throwing net      |       |       |     1 ||     1
Invok: Berserk           |     1 |     1 |     2 ||     4
  Use: Scroll            |       |       |     8 ||     8
       Potion            |       |       |     8 ||     8
 Stab: Held in net/web   |       |       |     3 ||     3
Armor: Animal skin       |     6 |     7 |       ||    13
       Scale mail        |       |    16 |    36 ||    52
       Swamp dragon scal |       |       |    13 ||    13
Dodge: Dodged            |    28 |    57 |    71 ||   156
Block: Buckler           |       |     1 |    28 ||    29
